[Event "Late Titled Tuesday Blitz February 8 2022"]
[White "Rangel, Daniel"]
[Black "Carbone, Diego"]
[WhiteFideId "2124475"]
[BlackFideId "3002179"]
[WhiteElo "2187"]
[BlackElo "2199"]
[Result "0-1"]
[Round "07"]
[TimeControl "180+1"]
[Date "2022.02.09"]
[WhiteClock "0:00:06"]
[BlackClock "0:00:05"]

1. e4 e5 2. Nf3 Nc6 3. Bc4 Bc5 4. d3 Nf6 5. Bg5 h6 6. Bh4 Be7 7. Nc3 d6 8. a3 Be6 9. Bxe6 fxe6 10. Bxf6 Bxf6 11. Qe2 Qd7 12. O-O-O O-O-O 13. Kb1 g5 14. Nd2 h5 15. f3 Rdg8 16. Nb3 g4 17. fxg4 Nd4 18. Nxd4 exd4 19. Na2 hxg4 20. h3 gxh3 21. Rxh3 Qg7 22. Rdh1 Rxh3 23. gxh3 Qg3 24. Nc1 Bg5 25. Qf1 Be3 26. h4 Rh8 27. h5 Qg5 28. Ne2 b6 29. Qf3 Kb7 30. Nc1 Bxc1 31. Rxc1 Qxh5 32. Qxh5 Rxh5 33. Rg1 Rh6 34. b3 Kc6 35. a4 a5 36. Rg5 Rf6 37. Kb2 Rf7 38. Rh5 Kd7 39. Rg5 Ke7 40. Rh5 Rg7 41. Rh6 Kf7 42. Rh5 Kf6 43. Rh6+ Rg6 44. Rh7 Rg7 45. Rh6+ Ke5 46. Rh5+ Kf4 47. Rh4+ Kg3 48. Rh6 e5 49. Rh5 Kg4 50. Rf5 Kg3 51. Kb1 Kh4 52. Kb2 Kg4 53. Rf1 Re7 54. Rf5 Kh4 55. Kb1 Kg4 56. Kb2 Kh4 57. Ka2 Kg3 58. Kb1 Kg2 59. Kb2 Rg7 60. Rf6 Kg1 61. Rf5 Kg2 62. Rf8 Rh7 63. Rf5 Kg3 64. Rg5+ Kf3 65. Rf5+ Ke3 66. Rf8 Ke2 67. Rg8 Ke1 68. Rg1+ Kf2 69. Rg8 Ke3 70. Rg3+ Kf2 71. Rg8 Re7 72. Rf8+ Ke2 73. Rh8 Rf7 74. Rh2+ Rf2 75. Rh7 c5 76. Kc1 Rf1+ 77. Kb2 Kd1 78. Rh2 Rg1 79. Rh6 Rg2 80. Rh1+ Kd2 81. Rh6 Ke1 82. Rxd6 Kd1 83. Rxb6 Rxc2+ 84. Kb1 Rc3 85. Rb5 Rxd3 86. Rxc5 Re3 87. Rxe5 d3 88. Rd5 d2 89. e5 Rxb3+ 90. Ka2 Rc3 91. Kb2 Re3 92. Ka2 Ke1 0-1


[Site "https://www.chess.com"]

[Event "Late Titled Tuesday Blitz February 8 2022"]
[White "Reprintsev, Alexander"]
[Black "Fishbein, Alexander"]
[WhiteFideId "14100541"]
[BlackFideId "2000377"]
[WhiteElo "2126"]
[BlackElo "2442"]
[Result "1/2-1/2"]
[Round "07"]
[TimeControl "180+1"]
[Date "2022.02.09"]
[WhiteClock "0:00:07"]
[BlackClock "0:00:06"]

1. e4 c5 2. b3 d6 3. Bb2 e5 4. f4 Nc6 5. Qf3 Nf6 6. Bb5 exf4 7. Qxf4 Bd7 8. Bxf6 Qxf6 9. Qxf6 gxf6 10. Nc3 f5 11. Nd5 O-O-O 12. exf5 Bxf5 13. Bxc6 bxc6 14. Ne3 Bg6 15. O-O-O Bh6 16. Re1 Rhe8 17. Nf3 d5 18. Ng4 Bg7 19. Nge5 Kc7 20. Rhf1 Rd6 21. Nxg6 Rxe1+ 22. Rxe1 hxg6 23. Kd1 Re6 24. Rf1 f5 25. h3 Kd6 26. g4 fxg4 27. hxg4 Re4 28. Rg1 Bf6 29. c3 c4 30. b4 Re8 31. g5 Bd8 32. Rh1 Rf8 33. Rh3 Rf5 34. Rg3 Kd7 35. Ke2 Bb6 36. a4 a5 37. bxa5 Bxa5 38. Nd4 Re5+ 39. Kf3 Bb6 40. Ne2 c5 41. Nf4 Rf5 42. Kg4 Bc7 43. Rf3 Bxf4 44. Rxf4 Re5 45. Rf6 Re2 46. Rxg6 Rxd2 47. Rf6 Ke7 48. Rf1 Ra2 49. g6 Rxa4 50. Kg5 Ra2 51. g7 Rg2+ 52. Kh6 d4 53. Rf8 Rh2+ 54. Kg6 Rg2+ 55. Kh7 Rh2+ 56. Kg8 d3 57. Rf5 d2 58. Rd5 Ke6 59. Rd8 Ke5 60. Kf8 Rf2+ 61. Ke7 Rg2 62. Kf7 Rf2+ 63. Ke7 Rg2 64. Kf7 Rf2+ 65. Ke7 1/2-1/2


[Site "https://www.chess.com"]

[Event "Late Titled Tuesday Blitz February 8 2022"]
[White "Rodrigues Mota, Romulo Cardoso S"]
[Black "Kashefi, Amir Hosein"]
[WhiteFideId "2187442"]
[BlackFideId "12557935"]
[WhiteElo "1719"]
[BlackElo "2098"]
[Result "1-0"]
[Round "07"]
[TimeControl "180+1"]
[Date "2022.02.09"]
[WhiteClock "0:00:48"]
[BlackClock "0:00:01"]

1. e4 c6 2. d4 d5 3. Nc3 dxe4 4. Nxe4 Nd7 5. Nf3 Ngf6 6. Ng3 e6 7. Bd3 Bd6 8. Bg5 O-O 9. c3 b6 10. Qc2 Qc7 11. Ne4 Nxe4 12. Bxe4 h6 13. Bh7+ Kh8 14. h4 c5 15. O-O-O Bb7 16. Be4 Bxe4 17. Qxe4 c4 18. d5 e5 19. Qf5 Nc5 20. Bxh6 f6 21. Be3 Nd3+ 22. Kb1 Qc8 23. Qxc8 Raxc8 24. b3 b5 25. h5 a5 26. h6 g5 27. g4 Kh7 28. Kc2 a4 29. b4 a3 30. Ne1 e4 31. f3 Rfe8 32. Bd4 Bxb4 33. fxe4 Nxe1+ 34. Rdxe1 Bd6 35. Bxf6 Bf4 36. e5 Rc5 37. d6 b4 38. cxb4 Rb5 39. d7 Rf8 40. d8=Q Rxd8 41. Bxd8 Rd5 42. Rd1 Rxe5 43. Rhe1 Rb5 44. Kc3 Rb7 45. Kxc4 1-0


[Site "https://www.chess.com"]

[Event "Late Titled Tuesday Blitz February 8 2022"]
[White "Romanchuk, Viktor"]
[Black "Bauer, Thomas"]
[WhiteFideId "14109271"]
[BlackFideId "1639293"]
[WhiteElo "2242"]
[BlackElo "2220"]
[Result "1-0"]
[Round "07"]
[TimeControl "180+1"]
[Date "2022.02.09"]
[WhiteClock "0:01:06"]
[BlackClock "0:00:05"]

1. d4 e6 2. c4 c5 3. d5 g6 4. e4 Bg7 5. f4 d6 6. Nf3 a6 7. Nc3 exd5 8. cxd5 b5 9. a4 b4 10. Nb1 Nf6 11. Nbd2 O-O 12. Bd3 Re8 13. O-O Bg4 14. a5 Nbd7 15. h3 Bxf3 16. Qxf3 Qc7 17. Nc4 Rab8 18. Bd2 Kh8 19. Rae1 Ng8 20. Kh1 Rb5 21. e5 dxe5 22. fxe5 Nxe5 23. Nxe5 Rxe5 24. Bxb5 axb5 25. Qxf7 Qxf7 26. Rxf7 Rxd5 27. Bf4 g5 28. Bg3 c4 29. a6 Bd4 30. Re8 g4 31. Rff8 Rg5 32. a7 Bxa7 33. Rxg8+ Rxg8 34. Be5# 1-0


[Site "https://www.chess.com"]

[Event "Late Titled Tuesday Blitz February 8 2022"]
[White "Rudzinska, Michalina"]
[Black "Jaferian, Koosha"]
[WhiteFideId "1172883"]
[BlackFideId "12507440"]
[WhiteElo "1904"]
[BlackElo "2027"]
[Result "0-1"]
[Round "07"]
[TimeControl "180+1"]
[Date "2022.02.09"]
[WhiteClock "0:01:10"]
[BlackClock "0:00:39"]

1. e4 c6 2. d4 d5 3. Nc3 dxe4 4. Nxe4 Bf5 5. Ng3 Bg6 6. Bc4 e6 7. N1e2 Bd6 8. Nf4 Bxf4 9. Bxf4 Nf6 10. O-O O-O 11. c3 Nbd7 12. Bb3 Qe7 13. Re1 Rfd8 14. h4 h6 15. h5 Bh7 16. Qf3 Rac8 17. Rad1 c5 18. dxc5 Nxc5 19. Rxd8+ Rxd8 20. Bc4 Bd3 21. Bxd3 Nxd3 22. Re2 Nxf4 23. Qxf4 Qc5 24. Rd2 Rxd2 25. Qxd2 Nxh5 26. Nxh5 Qxh5 27. Qd8+ Kh7 28. Qd3+ Qg6 29. Qb5 b6 30. a4 Qb1+ 31. Kh2 Qc2 32. Kg1 Qd1+ 33. Kh2 Qd2 34. f3 Kg6 35. c4 Qd6+ 36. Kh1 Qd1+ 37. Kh2 Qd6+ 38. Kh1 Qc5 39. Qb3 a5 40. Qd3+ f5 41. Qe2 Kf6 42. b3 Qd4 43. Qc2 g5 44. Qe2 Qa1+ 45. Kh2 Qe5+ 46. Qxe5+ Kxe5 0-1


[Site "https://www.chess.com"]

[Event "Late Titled Tuesday Blitz February 8 2022"]
[White "Ruiz Aguilar, Pablo Alexander"]
[Black "Domingo Nunez, Alejandro"]
[WhiteFideId "4401352"]
[BlackFideId "22245561"]
[WhiteElo "2125"]
[BlackElo "2215"]
[Result "1-0"]
[Round "07"]
[TimeControl "180+1"]
[Date "2022.02.09"]
[WhiteClock "0:00:21"]
[BlackClock "0:00:03"]

1. e4 c6 2. d4 d5 3. exd5 cxd5 4. c4 Nf6 5. Nc3 Nc6 6. Bg5 dxc4 7. d5 Ne5 8. Nf3 Bg4 9. Qa4+ Bd7 10. Qd1 Nxf3+ 11. Qxf3 Qb6 12. Bxc4 Qxb2 13. O-O Rc8 14. Rfb1 Qc2 15. Rc1 Qf5 16. Qxf5 Bxf5 17. Bb3 a6 18. f3 h6 19. Be3 h5 20. Bb6 g6 21. Na4 Bh6 22. Rxc8+ Bxc8 23. Re1 Nd7 24. Bd4 Rg8 25. d6 e6 26. Re2 Bf4 27. Rc2 Kd8 28. Nb6 Nxb6 29. Bxb6+ Kd7 30. Ba4+ Kxd6 31. Bc7+ Kd5 32. Bxf4 e5 33. Be3 Bf5 34. Bb3+ Kd6 35. Rd2+ Ke7 36. Bc5+ Kf6 37. Rd6+ Kg5 38. Bxf7 Rc8 39. Be3+ Kh4 40. Be6 Rc3 41. Bxf5 gxf5 42. Bd2 Ra3 43. Rg6 Rxa2 44. Bg5# 1-0


[Site "https://www.chess.com"]

[Event "Late Titled Tuesday Blitz February 8 2022"]
[White "Rustemov, Alexander"]
[Black "Caruana, Fabiano"]
[WhiteFideId "4119002"]
[BlackFideId "2020009"]
[WhiteElo "2822"]
[BlackElo "2744"]
[Result "1-0"]
[Round "07"]
[TimeControl "180+1"]
[Date "2022.02.08"]
[WhiteClock "0:00:09"]
[BlackClock "0:00:03"]

1. Nf3 d5 2. d4 Nf6 3. c4 e6 4. Nc3 c6 5. e3 Nbd7 6. Qc2 Bd6 7. b3 O-O 8. Be2 b6 9. O-O Bb7 10. Bb2 Re8 11. Rad1 Qe7 12. Rfe1 Rad8 13. g3 Bb4 14. a3 Bxc3 15. Bxc3 Ne4 16. Bb2 c5 17. dxc5 bxc5 18. cxd5 exd5 19. Bf1 Ndf6 20. h3 Bc8 21. Bg2 h5 22. b4 Bf5 23. Qa4 Qe6 24. Bxf6 Qxf6 25. bxc5 Nc3 26. Qd4 Nxd1 27. Qxf6 gxf6 28. Rxd1 Rc8 29. Nd4 Bd7 30. Rc1 Re5 31. h4 Be8 32. Kf1 Rd8 33. Ke2 Re7 34. Kd3 Rb7 35. c6 Rc7 36. Rc5 Rb8 37. Bxd5 a6 38. Kc2 Kf8 39. Bf3 Ke7 40. Bxh5 Kd6 41. Rf5 Ke7 42. Bf3 Bd7 43. Rc5 Be6 44. h5 Kd6 45. Ra5 Bc4 46. Kc3 Bf1 47. h6 Rh8 48. Rh5 Rcc8 49. Be4 Rb8 50. h7 Bb5 51. g4 Kc7 52. Rh6 Rbe8 53. f3 Kd8 54. Rxf6 Ke7 55. Rf5 Rb8 56. Rh5 Rbc8 57. Kb4 Bf1 58. Kc5 Rb8 59. Re5+ Kf6 60. Rf5+ Ke7 61. Bd5 Rxh7 62. Re5+ Kf8 63. c7 Rc8 64. Kd6 Rxc7 65. Kxc7 f6+ 66. Kd6 fxe5 67. Kxe5 Rh2 68. g5 Kg7 69. f4 Bd3 70. e4 Rh3 71. f5 Bb5 72. g6 Be8 73. Ne6+ Kh6 74. Kf6 Rxa3 75. g7 Rg3 76. Ke7 Bh5 77. f6 a5 78. f7 Bxf7 79. Kxf7 Rf3+ 80. Kg8 a4 81. Kh8 1-0


[Site "https://www.chess.com"]

[Event "Late Titled Tuesday Blitz February 8 2022"]
[White "Sadhwani, Raunak"]
[Black "Pichot, Alan"]
[WhiteFideId "35093487"]
[BlackFideId "110973"]
[WhiteElo "2616"]
[BlackElo "2543"]
[Result "1-0"]
[Round "07"]
[TimeControl "180+1"]
[Date "2022.02.08"]
[WhiteClock "0:00:23"]
[BlackClock "0:00:05"]

1. d4 Nf6 2. Nf3 d5 3. Bf4 c5 4. e3 Nc6 5. Nbd2 cxd4 6. exd4 Bg4 7. c3 e6 8. h3 Bh5 9. Bd3 Bd6 10. Bxd6 Qxd6 11. O-O O-O 12. Re1 a6 13. a4 Rfc8 14. a5 Rab8 15. Qa4 Nd7 16. Qa3 Qxa3 17. Rxa3 Bg6 18. Bxg6 hxg6 19. h4 Rc7 20. Rea1 Ne7 21. g3 Nf5 22. Ne1 Nd6 23. Nd3 Rbc8 24. Nb3 Ne4 25. Kg2 Nef6 26. Ra4 Rc4 27. Nbc5 Rc7 28. Rxc4 dxc4 29. Nxd7 Nxd7 30. Ne1 Nf6 31. Nc2 Ne4 32. Ra4 Kf8 33. Rb4 Ke7 34. Ne3 Nd6 35. g4 f5 36. g5 Kd7 37. f3 Rc8 38. Kg3 Rc7 39. Ng2 Ke7 40. Nf4 Kf7 41. Rb6 Rd7 42. Kf2 Rd8 43. Ke3 Rd7 44. Ke2 Rd8 45. Kf2 Rd7 46. Kg3 Rd8 47. Ng2 Rd7 48. Ne3 Ke7 49. Kf4 Rc7 50. d5 Rc5 51. Ke5 f4 52. Rxd6 fxe3 53. Rxe6+ Kd7 54. Kd4 Rxa5 55. Rxe3 Rb5 56. Re6 Rxb2 57. Rxg6 Rh2 58. Rxg7+ Kd6 59. Rg6+ Kd7 60. Rh6 b5 61. Kc5 1-0


[Site "https://www.chess.com"]

[Event "Late Titled Tuesday Blitz February 8 2022"]
[White "Sailer, Mike"]
[Black "Kanyamarala, Trisha"]
[WhiteFideId "2012901"]
[BlackFideId "45004722"]
[WhiteElo "2109"]
[BlackElo "2002"]
[Result "0-1"]
[Round "07"]
[TimeControl "180+1"]
[Date "2022.02.09"]
[WhiteClock "0:00:02"]
[BlackClock "0:00:03"]

1. d4 Nf6 2. Nf3 d5 3. Bf4 e6 4. e3 c5 5. Nc3 a6 6. Be2 Nc6 7. O-O Bd6 8. Bxd6 Qxd6 9. dxc5 Qxc5 10. Nd4 O-O 11. Nxc6 bxc6 12. Na4 Qd6 13. c4 Rb8 14. c5 Qe5 15. b3 Ne4 16. Qc2 Qg5 17. Bd3 f5 18. f4 Qf6 19. Bxe4 fxe4 20. Nb6 e5 21. fxe5 Qxe5 22. Rxf8+ Kxf8 23. Rf1+ Kg8 24. Qf2 Qe8 25. Qf4 Be6 26. Qc7 h6 27. h3 Qd8 28. Qa7 a5 29. Qxa5 Qg5 30. Qd2 Bxh3 31. a4 Bc8 32. Qf2 Ba6 33. Qf7+ Kh8 34. Rf4 Qg3 35. Nd7 Qxe3+ 36. Kh2 Rg8 37. Nf8 Qd4 38. Ng6+ Kh7 39. Qf5 Bc8 40. Qh5 Be6 41. Nh4 g6 42. Nxg6 Rxg6 0-1


[Site "https://www.chess.com"]

[Event "Late Titled Tuesday Blitz February 8 2022"]
[White "Sarana, Alexey"]
[Black "Jobava, Baadur"]
[WhiteFideId "24133795"]
[BlackFideId "13601520"]
[WhiteElo "2665"]
[BlackElo "2617"]
[Result "1-0"]
[Round "07"]
[TimeControl "180+1"]
[Date "2022.02.08"]
[WhiteClock "0:00:10"]
[BlackClock "0:00:04"]

1. d4 d5 2. c4 dxc4 3. e4 Nf6 4. e5 Nd5 5. Bxc4 Nb6 6. Bd3 Nc6 7. Be3 Nb4 8. Be4 c6 9. Nc3 Be6 10. Nge2 Qd7 11. O-O Rd8 12. Nf4 Bc4 13. Re1 e6 14. Qg4 g6 15. h4 Be7 16. b3 Ba6 17. Rad1 N6d5 18. Na4 Nxa2 19. h5 Nac3 20. Nxc3 Nxc3 21. hxg6 hxg6 22. Bxg6 Bb4 23. Nh5 Nd5 24. Be4 Bxe1 25. Bxd5 Rxh5 26. Qxh5 Bxf2+ 27. Bxf2 Qxd5 28. Bh4 Qa5 29. Bxd8 Qxd8 30. Qh8+ Kd7 31. Qxd8+ Kxd8 32. Ra1 Ke7 33. Kf2 Kf8 34. Ke3 Kg7 35. Kf4 Kg6 36. b4 Kh6 37. Ra3 Kg6 38. Rg3+ Kh7 39. Kg5 Kg7 40. Kh4+ Kf8 41. Ra3 Kg7 42. Kg5 Bf1 43. Rxa7 Bxg2 44. Ra2 Bd5 45. Ra8 b5 46. Rb8 Be4 47. Rc8 Bd5 48. Rc7 Be4 49. Ra7 Bd5 50. Ra3 Be4 51. Rg3 Bd5 52. Kh4+ Kf8 53. Rg4 Ke7 54. Kg5 Bf3 55. Rh4 Bd5 56. Rh8 Be4 57. Ra8 1-0


[Site "https://www.chess.com"]

[Event "Late Titled Tuesday Blitz February 8 2022"]
[White "Sargsyan, Anna M."]
[Black "Holt, Conrad"]
[WhiteFideId "13308130"]
[BlackFideId "2034387"]
[WhiteElo "2271"]
[BlackElo "2586"]
[Result "0-1"]
[Round "07"]
[TimeControl "180+1"]
[Date "2022.02.08"]
[WhiteClock "0:00:01"]
[BlackClock "0:00:08"]

1. e4 e6 2. d4 d5 3. Nc3 Nf6 4. e5 Nfd7 5. f4 c5 6. Nf3 Nc6 7. Be3 cxd4 8. Nxd4 Bc5 9. a3 O-O 10. Be2 Qe7 11. O-O f6 12. b4 Bxd4 13. Bxd4 fxe5 14. fxe5 Rxf1+ 15. Bxf1 Ndxe5 16. Bf2 Bd7 17. Qh5 Qf6 18. Re1 Ng6 19. Nb5 a5 20. c4 axb4 21. cxd5 Nf4 22. Qg4 Nxd5 23. axb4 Ra2 24. Bc5 b6 25. Bc4 Ra1 26. Bf2 Rxe1+ 27. Bxe1 Ne5 28. Qe4 Nxc4 29. Qxc4 Qa1 30. Kf2 Qb2+ 31. Kf3 Qf6+ 32. Ke2 Qe5+ 33. Kd2 Qxh2 34. Nd4 Qxg2+ 35. Ne2 Qg5+ 36. Kd3 Qe3+ 37. Kc2 h6 38. Bd2 Qa3 39. Nd4 Ba4+ 40. Kb1 Kh7 0-1


[Site "https://www.chess.com"]

[Event "Late Titled Tuesday Blitz February 8 2022"]
[White "Sevian, Samuel"]
[Black "Golubka, Petro"]
[WhiteFideId "2040506"]
[BlackFideId "14114224"]
[WhiteElo "2698"]
[BlackElo "2392"]
[Result "1-0"]
[Round "07"]
[TimeControl "180+1"]
[Date "2022.02.08"]
[WhiteClock "0:01:52"]
[BlackClock "0:00:47"]

1. d4 d5 2. c4 e6 3. Nf3 Nf6 4. g3 Be7 5. Bg2 c6 6. O-O O-O 7. Qc2 Nbd7 8. Nbd2 a5 9. b3 b6 10. Bb2 Bb7 11. e4 a4 12. e5 Ne8 13. Rac1 Nc7 14. cxd5 exd5 15. h4 Ne6 16. Rfd1 axb3 17. axb3 c5 18. Nf1 cxd4 19. Nxd4 Nxd4 20. Bxd4 Bc5 21. Ne3 Bxd4 22. Rxd4 Nxe5 23. Bxd5 Bxd5 24. Rxd5 Qf6 25. Qc3 Rfe8 26. f4 Qg6 27. Rxe5 Rxe5 28. Qxe5 Qxg3+ 29. Ng2 h6 30. Qc3 Qg4 31. Kh2 Kh7 32. Qd3+ g6 33. Qd5 Rf8 34. Rc7 Kg8 35. Rc6 Kg7 36. Rxb6 Re8 37. Rb7 Rf8 38. Qe5+ Kg8 39. b4 Qf3 40. Rb8 Rxb8 41. Qxb8+ Kg7 42. b5 g5 43. hxg5 hxg5 44. Qe5+ f6 45. Qc7+ Kg6 46. Qc2+ f5 47. fxg5 Kxg5 48. Qd2+ Kg4 49. Qf4+ Qxf4+ 50. Nxf4 Kxf4 51. b6 1-0


[Site "https://www.chess.com"]

[Event "Late Titled Tuesday Blitz February 8 2022"]
[White "Shevchenko, Kirill"]
[Black "Kamsky, Gata"]
[WhiteFideId "14129574"]
[BlackFideId "2000024"]
[WhiteElo "2624"]
[BlackElo "2645"]
[Result "1-0"]
[Round "07"]
[TimeControl "180+1"]
[Date "2022.02.08"]
[WhiteClock "0:00:06"]
[BlackClock "0:00:10"]

1. e4 g6 2. d4 Bg7 3. Nc3 d6 4. Nf3 a6 5. Be3 b5 6. h4 h6 7. e5 e6 8. Bd3 Bb7 9. Qe2 Ne7 10. O-O-O Nd7 11. Kb1 b4 12. Ne4 Bxe4 13. Bxe4 d5 14. Bd3 Qc8 15. h5 g5 16. Nxg5 hxg5 17. Bxg5 Bh6 18. Bxh6 Rxh6 19. Qe3 Rh8 20. h6 Nf8 21. Qg5 Neg6 22. f4 Qd8 23. Qg4 Qe7 24. Rc1 c5 25. dxc5 Qxc5 26. c4 Qd4 27. Rhd1 Qxf4 28. Qe2 Qxe5 29. Qc2 d4 30. Qa4+ Ke7 31. Qxb4+ Ke8 32. c5 Rxh6 33. c6 Qc7 34. Qb7 Ra7 35. Bxa6 Ne7 36. Bb5 e5 37. Qxa7 Qxa7 38. c7+ Nd7 39. Re1 Re6 40. Rh1 Nc8 41. Rh8+ Ke7 42. Rxc8 Nb6 43. Rb8 d3 44. Bxd3 e4 45. Be2 1-0


[Site "https://www.chess.com"]

[Event "Late Titled Tuesday Blitz February 8 2022"]
[White "Shoker, Samy"]
[Black "Velikanov, Alexander"]
[WhiteFideId "627143"]
[BlackFideId "2039290"]
[WhiteElo "2493"]
[BlackElo "2259"]
[Result "1-0"]
[Round "07"]
[TimeControl "180+1"]
[Date "2022.02.08"]
[WhiteClock "0:00:20"]
[BlackClock "0:00:04"]

1. Nf3 Nf6 2. g3 g6 3. Bg2 Bg7 4. O-O O-O 5. c4 d6 6. Nc3 e5 7. d3 a5 8. Rb1 c6 9. a3 Re8 10. Nd2 d5 11. b4 axb4 12. axb4 Bg4 13. h3 Be6 14. Bb2 Qd7 15. Kh2 Na6 16. b5 Nc7 17. Nf3 Qd6 18. bxc6 bxc6 19. Nxe5 Qxe5 20. Nxd5 Qxb2 21. Rxb2 cxd5 22. Rb7 Rac8 23. c5 d4 24. Qa4 Nfd5 25. Qa5 Ra8 26. Qd2 Rac8 27. Ra1 Nc3 28. c6 Bd5 29. Qf4 Be5 30. Qh4 Bxg2 31. Kxg2 Re6 32. Qg4 Rce8 33. Qf3 N3d5 34. Raa7 Rxc6 35. h4 h5 36. Ra5 Rf6 37. Qe4 Nc3 38. Qxe5 Rxe5 39. Rxe5 N7d5 40. Rb8+ Kg7 41. Rd8 Rf5 42. Rxf5 gxf5 43. Kf3 Kf6 44. Rd6+ Ke5 45. Ra6 Nf6 46. Ra5+ Ncd5 47. e3 dxe3 48. fxe3 Ke6 49. Ra6+ Ke5 50. Ra5 Ke6 51. Rb5 Nd7 52. e4 fxe4+ 53. dxe4 Ne5+ 54. Kg2 Nf6 55. Rb6+ Ke7 56. Rb7+ Kf8 57. Rb6 Nxe4 58. Rh6 Kg7 59. Rxh5 f6 60. Rf5 Kg6 61. Rf4 Nd6 62. Ra4 Nf5 63. Kh3 Ne3 64. Ra8 N3g4 65. Rg8+ Kf5 66. h5 Nh6 67. Rg7 Nef7 68. Rg6 Ke5 69. g4 Kf4 70. Kh4 Ke5 71. Kh3 Ke6 72. Kh4 Ke5 73. Rg7 Ng5 74. Rxg5+ fxg5+ 75. Kxg5 Nf7+ 76. Kg6 Ke6 77. h6 Ke7 78. Kg7 Ng5 79. h7 Nf7 80. g5 Nxg5 81. h8=Q Ne6+ 82. Kg6 Nf8+ 83. Kf5 Ne6 84. Qf6+ 1-0


[Site "https://www.chess.com"]

[Event "Late Titled Tuesday Blitz February 8 2022"]
[White "Smirnov, Pavel"]
[Black "Khater, Sherif"]
[WhiteFideId "4123425"]
[BlackFideId "2034280"]
[WhiteElo "2571"]
[BlackElo "2548"]
[Result "1-0"]
[Round "07"]
[TimeControl "180+1"]
[Date "2022.02.08"]
[WhiteClock "0:00:26"]
[BlackClock "0:00:22"]

1. d4 d5 2. c4 c6 3. cxd5 cxd5 4. Bf4 a6 5. e3 Nc6 6. Nc3 Nf6 7. Be2 e6 8. Nf3 Be7 9. h3 O-O 10. O-O Bd7 11. Rc1 Rc8 12. Bd3 h6 13. Qe2 Na5 14. Ne5 Be8 15. Rfd1 Nd7 16. e4 Nxe5 17. Bxe5 Nc6 18. exd5 exd5 19. Bf5 Bd7 20. Bb1 Be6 21. Qd3 g6 22. Bf4 Kg7 23. Qe3 Bg5 24. Ne2 Qf6 25. h4 Bxf4 26. Nxf4 Ne7 27. Qg3 Kh8 28. Rxc8 Rxc8 29. Re1 Nf5 30. Bxf5 Qxf5 31. Re5 Qb1+ 32. Kh2 Rc1 33. Qe3 Rh1+ 34. Kg3 Qg1 35. Nxe6 Qh2+ 36. Kf3 Qxh4 37. Nf4 g5 38. g3 gxf4 39. Re8+ Kg7 40. Qe5+ Qf6 41. Rg8+ Kxg8 42. Qxf6 fxg3 43. Kxg3 Rg1+ 44. Kh2 Rg6 45. Qd8+ Kg7 46. Qxd5 Rf6 47. Qe5 Kg6 48. f4 Rf5 49. Qe4 Kf6 50. Qxb7 Rxf4 51. Qxa6+ Kg5 52. Qb5+ f5 53. a4 Rxd4 54. a5 Rd2+ 55. Kg1 Rd1+ 56. Kf2 h5 57. a6 Ra1 58. Qb7 h4 59. a7 h3 60. a8=Q 1-0


[Site "https://www.chess.com"]

[Event "Late Titled Tuesday Blitz February 8 2022"]
[White "Solon, Nathan"]
[Black "Kosakowski, Jakub"]
[WhiteFideId "2017229"]
[BlackFideId "1185080"]
[WhiteElo "2562"]
[BlackElo "2476"]
[Result "1-0"]
[Round "07"]
[TimeControl "180+1"]
[Date "2022.02.09"]
[WhiteClock "0:02:26"]
[BlackClock "0:00:36"]

1. d4 b5 2. e4 Bb7 3. Bd3 e6 4. Nf3 a6 5. O-O c5 6. c3 Nf6 7. Nbd2 Be7 8. dxc5 Bxc5 9. e5 Nd5 10. Ne4 Be7 11. Re1 Nc6 12. Bg5 O-O 13. Bxe7 Ncxe7 14. Nd6 Bc6 15. Bxh7+ Kh8 16. Ng5 1-0


[Site "https://www.chess.com"]

[Event "Late Titled Tuesday Blitz February 8 2022"]
[White "Stanisz, Patryk"]
[Black "Debray, Christopher"]
[WhiteFideId "1123106"]
[BlackFideId "630810"]
[WhiteElo "1876"]
[BlackElo "2369"]
[Result "1/2-1/2"]
[Round "07"]
[TimeControl "180+1"]
[Date "2022.02.09"]
[WhiteClock "0:00:06"]
[BlackClock "0:00:52"]

1. Nf3 d5 2. g3 Bf5 3. Bg2 Nf6 4. c4 e6 5. O-O c6 6. b3 Nbd7 7. Bb2 Be7 8. d3 O-O 9. Nbd2 Bg6 10. Ne5 Qc7 11. Nxg6 hxg6 12. e4 dxe4 13. dxe4 Rfd8 14. Qe2 Nc5 15. Rad1 e5 16. f4 Nd3 17. Ba1 exf4 18. e5 Nh5 19. g4 f3 20. Qxf3 Nhf4 21. Ne4 g5 22. h4 Nxe5 23. Bxe5 Qxe5 24. Rxd8+ Rxd8 25. hxg5 Nxg2 26. Qxf7+ Kh8 27. Qh5+ Kg8 28. Qf7+ Kh8 29. Qh5+ Kg8 30. Qf7+ 1/2-1/2


[Site "https://www.chess.com"]

[Event "Late Titled Tuesday Blitz February 8 2022"]
[White "Sviridov, Valery"]
[Black "Indjic, Aleksandar"]
[WhiteFideId "4120680"]
[BlackFideId "911925"]
[WhiteElo "2454"]
[BlackElo "2616"]
[Result "1-0"]
[Round "07"]
[TimeControl "180+1"]
[Date "2022.02.08"]
[WhiteClock "0:01:12"]
[BlackClock "0:00:29"]

1. g3 d5 2. Nf3 Nc6 3. d4 Bf5 4. Bg2 Nb4 5. Na3 e6 6. O-O h5 7. c4 c6 8. Qb3 a5 9. h4 Nf6 10. Bf4 Be7 11. Rfc1 O-O 12. Qd1 Ne4 13. Nc2 Nxc2 14. Rxc2 Nd6 15. Bxd6 Bxd6 16. Rcc1 Qf6 17. Qb3 Rab8 18. Qc3 Ra8 19. e3 Rfd8 20. Ng5 Qg6 21. Qb3 Rd7 22. Qd1 Bd3 23. cxd5 exd5 24. Bf3 Bf5 25. Bxh5 Qf6 26. Bg4 Re8 27. Qf3 Bxg4 28. Qxg4 Rde7 29. Kg2 Qg6 30. h5 Qh6 31. Rh1 Kf8 32. Qf5 Kg8 33. Rae1 Bb4 34. Rd1 Bd6 35. b3 Rd8 36. Rh4 Rde8 37. Rg4 Rc7 38. Rh1 Be7 39. Qxf7+ 1-0


[Site "https://www.chess.com"]

[Event "Late Titled Tuesday Blitz February 8 2022"]
[White "Taichman, Ori"]
[Black "Grigorov, Grigor"]
[WhiteFideId "2804069"]
[BlackFideId "2907313"]
[WhiteElo "2227"]
[BlackElo "2510"]
[Result "1-0"]
[Round "07"]
[TimeControl "180+1"]
[Date "2022.02.09"]
[WhiteClock "0:00:15"]
[BlackClock "0:00:07"]

1. e4 c6 2. d4 d5 3. e5 Bf5 4. h4 h5 5. Bd3 Bxd3 6. Qxd3 Qa5+ 7. Nd2 e6 8. c4 Ne7 9. b4 Qa6 10. b5 cxb5 11. cxb5 Qa4 12. Ne2 Nd7 13. Nc3 Qa5 14. Nb3 Qd8 15. Bg5 Rc8 16. O-O f6 17. exf6 gxf6 18. Bd2 Kf7 19. a4 Ng6 20. f4 Nb6 21. f5 exf5 22. Qxf5 Nxh4 23. Qf2 Ng6 24. Bg5 Be7 25. Nc5 Rc7 26. Rae1 Nf8 27. Rxe7+ Rxe7 28. Bxf6 Kg8 29. Bxh8 Qe8 30. Bf6 Rf7 31. Qg3+ Kh7 32. Be5 Ng6 33. Rxf7+ Qxf7 34. a5 Nc4 35. a6 b6 36. Nd3 Qf5 37. Nxd5 Nd2 38. Nf6+ Kh8 39. Nxh5+ Kh7 40. Nf6+ Kg7 41. Ne4+ 1-0


[Site "https://www.chess.com"]

[Event "Late Titled Tuesday Blitz February 8 2022"]
[White "Tang, Andrew"]
[Black "Kopylov, Alexander A."]
[WhiteFideId "2059630"]
[BlackFideId "4164857"]
[WhiteElo "2584"]
[BlackElo "2436"]
[Result "1-0"]
[Round "07"]
[TimeControl "180+1"]
[Date "2022.02.08"]
[WhiteClock "0:00:49"]
[BlackClock "0:01:31"]

1. d4 Nf6 2. c4 g6 3. f3 Bg7 4. e4 O-O 5. Nc3 d6 6. Nge2 Nc6 7. Be3 a6 8. Qd2 Na5 9. Nc1 b5 10. cxb5 axb5 11. Bxb5 c6 12. Be2 e5 13. dxe5 dxe5 14. Qxd8 Rxd8 15. Bb6 Rd7 16. b4 Nb7 17. a4 Ne8 18. a5 Nc7 19. Nd3 Ne6 20. a6 Nd4 21. axb7 1-0


[Site "https://www.chess.com"]

[Event "Late Titled Tuesday Blitz February 8 2022"]
[White "Terletsky, Oleg"]
[Black "Gerbelli Neto, Eduardo"]
[WhiteFideId "14116774"]
[BlackFideId "2103281"]
[WhiteElo "2050"]
[BlackElo "2178"]
[Result "1-0"]
[Round "07"]
[TimeControl "180+1"]
[Date "2022.02.09"]
[WhiteClock "0:02:56"]
[BlackClock "0:02:20"]

1. e4 e5 2. Nf3 Nc6 3. Nc3 Nf6 4. d4 exd4 5. Nxd4 Bb4 6. Nxc6 bxc6 7. Bd3 d5 8. exd5 cxd5 9. O-O O-O 10. Bg5 c6 11. Qf3 Be7 12. Rae1 h6 13. Bxh6 gxh6 14. Qe3 Be6 15. Qxh6 Re8 16. Re5 Bf8 17. Rg5+ Bg7 18. Qxg7# 1-0


[Site "https://www.chess.com"]